 Dungeon Crawl Stone Soup version 0.23-b1-49-g13d5857 (webtiles) character file.

Game seed: 4130902407767928820

41 HoaS the Skirmisher (level 3, 0/36 HPs)
             Began as a Gargoyle Berserker on Feb 3, 2019.
             Was a Follower of Trog.
             Slain by a gnoll (4 damage)
             ... on level 1 of the Dungeon.
             The game lasted 00:02:20 (1147 turns).

HoaS the Skirmisher (Gargoyle Berserker)            Turns: 1147, Time: 00:02:20

Health: 0/36       AC:  4    Str: 25    XL:     3   Next: 52%
Magic:  3/3        EV: 12    Int:  7    God:    Trog [*.....]
Gold:   55         SH:  0    Dex: 10    Spells: 2/2 levels left

rFire    . . .     SeeInvis .     - Unarmed
rCold    . . .     Gourm    .   (no shield)
rNeg     + . .     Faith    .   a - +0 animal skin
rPois    ∞         Spirit   .   (no helmet)
rElec    +         Reflect  .   i - -2 cloak (curse)
rCorr    .         Harm     .   (no gloves)
MR       .....                  (no boots)
Stlth    ..........             (no amulet)
HPRegen  0.12/turn              (no ring)
MPRegen  0.08/turn              (no ring)

@: berserking, very quick
A: negative energy resistance 1, electricity resistance, unbreathing,
petrification resistance, rot immunity, AC +3
a: Berserk, Renounce Religion


You were on level 1 of the Dungeon.
You worshipped Trog.
Trog was aware of your devotion.
You were near starving.

You visited 1 branch of the dungeon, and saw 2 of its levels.

You collected 55 gold pieces.

Inventory:

Armour
 a - a +0 animal skin (worn)
 i - a cursed -2 cloak (worn)
Jewellery
 e - a +5 ring of intelligence {unknown}
 f - a +3 ring of protection {unknown}
Scrolls
 d - a scroll of random uselessness {unknown}
 g - a scroll of magic mapping
 j - a scroll of remove curse {unknown}
Potions
 h - a potion of lignification {unknown}
Comestibles
 b - 6 rations


   Skills:
 + Level 3.6 Fighting
 + Level 2.6 Armour
 + Level 2.0 Dodging
 * Level 3.6 Unarmed Combat


You had 2 spell levels left.
You didn't know any spells.
Your spell library was empty.

Dungeon Overview and Level Annotations

Branches:
Dungeon (2/15)

Altars:
Fedhas


Innate Abilities, Weirdness & Mutations

You are resistant to torment.
Your stone body is resilient. (AC +3)
You are immune to poison.
You resist negative energy. (rN+)
You are resistant to electric shocks. (rElec)
You can survive without breathing.
You are immune to petrification.
You are immune to rotting.


Message History

You hit the gnoll.
The gnoll is heavily wounded.
The gnoll hits you. The gnoll misses you.
You hit the gnoll.
The gnoll is severely wounded.
The gnoll hits you. The gnoll barely misses you.
You barely miss the gnoll.
The gnoll is severely wounded.
The gnoll hits you. The gnoll barely misses you.
You hit the gnoll but do no damage.
The gnoll is severely wounded.
The gnoll hits you.
* * * LOW HITPOINT WARNING * * *
The gnoll hits you with a +0 spear.
* * * LOW HITPOINT WARNING * * *
A red film seems to cover your vision as you go berserk!
You feel yourself moving faster!
You feel mighty!
You are near starving!
The gnoll hits you.
You die...

###.................#######
..#.................'.....#
..#.................#####.#
..#.................# #.#
..#.................# #.#
..#.................#####.#
#####
..#.####'#######.#......#.#
#...#
..#.#....###...#g#.####.#.#
#.#.# ...............g@#.#
#.#.# #.#.#
..#.#.######...###.####.#.#
#.#.# ..#.#.# #...#
#.#....#.# #.#.# ###.#.###
#...# #........# #....
#.#...#
#...######.#########.#
#.###.#
######...............# #.#
#.# #.###.########### #
#.###+#### #.# #.# #......#
# #.##.....# #.# #.#
#.#÷...#


You could see 2 gnolls.

Vanquished Creatures
  2 gnolls (D:1)
  3 dart slugs (D:1)
  2 leopard geckos (D:1)
  4 bats (D:1)
  A giant cockroach (D:1)
  A frilled lizard (D:1)
  A goblin (D:1)
  A kobold (D:1)
15 creatures vanquished.

Vanquished Creatures (others)
  A fungus (D:2)
  A plant (D:2)
2 creatures vanquished.

Grand Total: 17 creatures vanquished

Notes
Turn   | Place    | Note
-------+----------+-------------------------------------------
     0 | D:1      | HoaS the Gargoyle Berserker began the quest for the Orb.
     0 | D:1      | Reached XP level 1. HP: 14/14 MP: 1/1
   135 | D:1      | Reached XP level 2. HP: 19/19 MP: 2/2
   726 | D:2      | Found a blossoming altar of Fedhas.
   758 | D:1      | Reached XP level 3. HP: 10/23 MP: 3/3
  1147 | D:1      | Slain by a gnoll

Skill      XL: |  1  2  3 |
---------------+----------+-----
Dodging        | 2 |  2.0
Fighting       | |  3.6
Armour         | |  2.6
Unarmed Combat | |  3.6

Action                   || total
-------------------------++-------
Melee: Unarmed           ||    69
       Punch             ||     1
Invok: Berserk           ||     1
  Use: Scroll            ||     3
Armor: Animal skin       ||    15
Dodge: Dodged            ||    64
